 Dungeon Crawl Stone Soup version 0.20-a0-454-g2b43fbb (webtiles) character file.

913 recordrepeat the Chopper (level 8, -1/69 HPs)
             Began as a Hill Orc Fighter on Jan 9, 2017.
             Was an Initiate of Beogh.
             Slain by an ogre
             ... wielding a +0 giant club
              (17 damage)
             ... on level 4 of the Dungeon.
             The game lasted 00:12:33 (3819 turns).

recordrepeat the Chopper (Hill Orc Fighter)         Turns: 3819, Time: 00:12:35

Health: -1/69      AC: 11    Str: 20    XL:     8   Next: 9%
Magic:  17/17      EV:  6    Int:  8    God:    Beogh [......]
Gold:   300        SH: 10    Dex: 11    Spells: 7/7 levels left

rFire  + . .     SeeInvis .     t - +1 war axe (elec)
rCold  x . .     Gourm    .     o - +0 chain mail
rNeg   . . .     Faith    .     c - +0 shield
rPois  .         Spirit   .     (no helmet)
rElec  .         Reflect  .     n - +0 cloak
rCorr  .         Harm     .     (no gloves)
MR     .....                    (no boots)
Stlth  ..........               (no amulet)
                                w - ring of magical power
                                v - ring of fire

@: no status effects
A: no striking features
a: Renounce Religion


You were on level 4 of the Dungeon.
You worshipped Beogh.
Beogh was noncommittal.
You were not hungry.

You visited 1 branch of the dungeon, and saw 5 of its levels.

You collected 300 gold pieces.

Inventory:

Hand Weapons
 a - a +0 war axe
 t - a +1 war axe of electrocution (weapon)
Armour
 c - a +0 shield (worn)
 n - a +0 cloak (worn)
 o - a +0 chain mail (worn)
Jewellery
 v - a ring of fire (left hand)
 w - a ring of magical power (right hand)
Wands
 d - a wand of polymorph (7/24)
Scrolls
 e - a scroll of immolation {unknown}
 g - a scroll of enchant weapon
 j - a scroll of blinking {unknown}
 k - a scroll of remove curse
 p - 2 scrolls of random uselessness {unknown}
 x - a scroll of recharging {unknown}
Potions
 b - a potion of flight
 l - a potion of curing
 q - a potion of berserk rage
 r - a potion of invisibility {unknown}
 z - a potion of haste {unknown}
 A - a potion of lignification {unknown}
Comestibles
 f - 2 bread rations
 h - 3 beef jerkies
 i - 2 meat rations
 s - a slice of pizza


   Skills:
 + Level 5.5 Fighting
 + Level 7.9 Axes
 + Level 5.2 Armour
 + Level 1.2 Dodging
 + Level 0.3 Stealth
 + Level 5.5 Shields


You had 7 spell levels left.
You didn't know any spells.

Dungeon Overview and Level Annotations

Branches:
Dungeon (5/15)             Temple (0/1) D:4

Altars:
Sif Muna
The Shining One


Message History

The ogre is moderately wounded.
You hit the jackal.
You feel less invigorated.
You feel less confused. You block the jackal's attack.
The ogre barely misses you.
The jackal bites you but does no damage.
Your shield prevents you from hitting the ogre.
The ogre is moderately wounded.
You barely miss the jackal. The jackal barely misses you.
The ogre hits you with a giant club!!
* * * LOW HITPOINT WARNING * * *
You block the jackal's attack.
You feel better. You block the jackal's attack. The ogre barely misses you.
All of the chunks of flesh in your inventory have rotted away.
Your shield prevents you from hitting the ogre.
The ogre is moderately wounded.
Your shield and chain mail prevent you from hitting the jackal.
The jackal bites you.
* * * LOW HITPOINT WARNING * * *
The ogre hits you with a giant club!
You die...

#.........### #...........## #
##...####..# #...........## ##
#..### #..# #..#######...####.
..## #..# ##.## ##......#.. .##
##.######..####..#......# ##
##.....##...##.......#.## #
#.......................# ##
###..##.....#####.......... .##
##.....####@.# ##..........
..####.......# #hO# #...........
#..##...##...###5.# ##...........
##.....###....#...###............
....#...###........##............
...###...###...>)..[.............
...# ##...#..##..................
...# ##....####.............>...
.[.# #.....####................


You could see an ogre, a crimson imp and a jackal.

Vanquished Creatures
  Grinder (D:4)
  A phantom (D:4)
  An ogre (D:4)
  The ghost of Piginabag the Ducker, an amateur DsWn (D:3)
  A bullfrog (D:4)
  A scorpion (D:4)
  A howler monkey (D:4)
  2 worker ants (D:4)
  A hound skeleton (D:4)
  3 gnolls (D:2)
  A howler monkey skeleton (D:4)
  9 adders
  An ooze (D:4)
  An adder skeleton (D:4)
  A worm (D:3)
  4 dart slugs
  4 leopard geckos
  11 orcs
  A ball python (D:2)
  6 giant cockroaches
  3 goblins
  11 hobgoblins
  4 jackals
  5 quokkas
  5 bats
  8 frilled lizards
  10 kobolds
  A leopard gecko skeleton (D:4)
  A quokka skeleton (D:4)
  4 rats (D:2)
104 creatures vanquished.

Notes
Turn   | Place    | Note
-------+----------+-------------------------------------------
     0 | D:1      | recordrepeat the Hill Orc Fighter began the quest for the Orb.
     0 | D:1      | Reached XP level 1. HP: 19/19 MP: 1/1
   155 | D:1      | Reached skill level 3 in Axes
   155 | D:1      | Reached XP level 2. HP: 26/26 MP: 2/2
   593 | D:2      | Reached XP level 3. HP: 33/33 MP: 3/3
   655 | D:2      | Reached XP level 4. HP: 37/40 MP: 4/4
   702 | D:2      | Reached skill level 4 in Axes
  1218 | D:2      | Found a glowing golden altar of the Shining One.
  1226 | D:2      | Reached XP level 5. HP: 46/46 MP: 5/5
  1365 | D:3      | Noticed Piginabag's ghost (amateur DsWn)
  1391 | D:3      | Killed Piginabag's ghost
  1391 | D:3      | Reached skill level 5 in Axes
  1861 | D:3      | Reached XP level 6. HP: 52/53 MP: 6/6
  1959 | D:3      | Found a faded altar of an unknown god.
  2399 | D:4      | Reached skill level 1 in Dodging
  2412 | D:4      | Reached skill level 6 in Axes
  2916 | D:4      | Found a staircase to the Ecumenical Temple.
  3014 | D:4      | Noticed a phantom
  3044 | D:4      | Killed a phantom
  3044 | D:4      | Reached XP level 7. HP: 48/60 MP: 7/7
  3225 | D:4      | Became a worshipper of Beogh the Brigand
  3284 | D:4      | Reached skill level 5 in Fighting
  3490 | D:4      | Reached skill level 7 in Axes
  3490 | D:4      | Reached skill level 5 in Shields
  3688 | D:5      | Entered Level 5 of the Dungeon
  3688 | D:5      | Found a deep blue altar of Sif Muna.
  3688 | D:5      | Noticed Grinder
  3761 | D:4      | Killed Grinder
  3761 | D:4      | Reached skill level 5 in Armour
  3797 | D:4      | Reached XP level 8. HP: 38/69 MP: 8/8
  3819 | D:4      | Slain by an ogre

Vault maps used:
D:1:      minmay_arrival_stone_box
D:2:      nicolae_tso_carved_into_rock
D:3:      chequers_ecumenical_altar_island, first_bread
D:5:      old_standard_altar, kennysheep_mini, uniq_menkaure, uniq_eustachio,
          uniq_pikel, uniq_grinder

Skill      XL: |  1  2  3  4  5  6  7 |
---------------+----------------------+-----
Axes           | 3 4 5 6 7 |  7.9
Fighting       | 4 5 |  5.5
Armour         | 4 5 |  5.2
Shields        | 4 5 |  5.5
Dodging        | 1 |  1.2
Stealth        | |  0.3

Action                   |  1- 3 |  4- 6 |  7- 9 || total
-------------------------+-------+-------+-------++-------
Melee: War axe           |    79 |   256 |    49 ||   384
Invok: Convert to Beogh  |       |       |     1 ||     1
  Use: Scroll            |       |     6 |       ||     6
       Potion            |       |       |     4 ||     4
  Eat: Chunk             |       |     7 |     3 ||    10
Armor: Scale mail        |    53 |     5 |       ||    58
       Chain mail        |       |   124 |    27 ||   151
Dodge: Dodged            |    24 |    62 |    12 ||    98
Block: Shield            |    42 |   145 |    25 ||   212
